 Dungeon Crawl Stone Soup version 0.20-a0-959-gdc9e609 (webtiles) character file.

11958 Alarkh the Basher (level 11, -5/122 HPs)
             Began as an Ogre Monk on Apr 6, 2017.
             Was a High Priest of Okawaru.
             Slain by an eight-headed hydra (14 damage)
             ... on level 1 of the Lair of Beasts.
             The game lasted 00:18:24 (13450 turns).

Alarkh the Basher (Ogre Monk)                      Turns: 13450, Time: 00:18:26

Health: -5/122     AC:  7    Str: 19    XL:     11   Next: 85%
Magic:  15/15      EV: 12    Int: 17    God:    Okawaru [*****.]
Gold:   680        SH:  0    Dex: 13    Spells: 10/10 levels left

rFire    . . .     SeeInvis .   a - +0 giant club
rCold    + . .     Gourm    .   (shield currently unavailable)
rNeg     . . .     Faith    +   G - +0 troll leather armour
rPois    .         Spirit   .   I - +2 hat "Osepuc" {+Inv MR+ Str+2 Dex+4}
rElec    .         Reflect  .   (no cloak)
rCorr    .         Harm     .   (gloves unavailable)
MR       ++...                  (boots unavailable)
Stlth    ++........             K - amulet of faith
Regen    0.7/turn               q - +3 ring of intelligence
MPRegen  0.2/turn               O - ring of protection from cold

@: no status effects
A: unfitting armour, clumsy 1, deterioration 1, tough skin 1
a: Heroism, Finesse, Renounce Religion, Evoke Invisibility


You were on level 1 of the Lair of Beasts.
You worshipped Okawaru.
Okawaru was extremely pleased with you.
You were not hungry.

You visited 3 branches of the dungeon, and saw 12 of its levels.
You also visited: Ossuary.

You collected 680 gold pieces.

Inventory:

Hand Weapons
 a - a +0 giant club (weapon)
 b - a +0 giant spiked club
 c - a +0 mace
 d - a +0 dagger
 h - a +0 club
 m - a +0 mace of draining
 D - a +0 flail
Missiles
 f - 2 large rocks (quivered)
Armour
 n - a +0 robe
 G - a +0 troll leather armour (worn)
 I - the +2 hat "Osepuc" (worn) {+Inv MR+ Str+2 Dex+4}
   (You found it on level 9 of the Dungeon)

   It affects your strength (+2).
   It affects your dexterity (+4).
   It affects your resistance to hostile enchantments.
   It lets you turn invisible.
Jewellery
 q - a +3 ring of intelligence (left hand)
 r - an uncursed amulet of regeneration
 K - an amulet of faith (around neck)
 L - a +3 amulet of reflection {unknown}
 O - a ring of protection from cold (right hand)
 P - an uncursed amulet of the gourmand
Wands
 J - a wand of confusion (30/48)
 M - a wand of paralysis (8/24)
Scrolls
 e - 2 scrolls of identify
 g - a scroll of fog
 i - 4 scrolls of teleportation
 k - 7 scrolls of remove curse
 o - a scroll of magic mapping
 p - 5 scrolls of noise
 s - 2 scrolls of amnesia
 x - 3 scrolls of recharging
 y - a scroll of immolation {unknown}
Potions
 j - a potion of cancellation
 u - a potion of invisibility
 v - 2 potions of agility
 w - 5 potions of curing
 z - 2 potions of lignification
 A - a potion of might
 B - a potion of resistance
 C - a potion of flight {unknown}
 E - a potion of mutation {unknown}
 H - a potion of brilliance {unknown}
 N - 3 potions of ambrosia
 R - a potion of heal wounds
Comestibles
 l - 3 royal jellies
 t - 5 meat rations
 F - 4 bread rations
 S - 24 fruits


   Skills:
 + Level 11.6 Fighting
 * Level 13.8 Maces & Flails
 + Level 6.2 Dodging
 - Level 2.9 Stealth
 + Level 5.7 Invocations


You had 10 spell levels left.
You didn't know any spells.

Dungeon Overview and Level Annotations

Branches:
Dungeon (10/15)            Temple (1/1) D:4            Lair (1/6) D:10
    Orc (0/2) D:10

Altars:
Ashenzari
Cheibriados
Dithmenos
Elyvilon
Fedhas
Gozag
Hepliaklqana
Kikubaaqudgha
Makhleb
Nemelex Xobeh
Okawaru
Qazlal
Ru
Sif Muna
Trog
Uskayaw
Vehumet
Wu Jian
Xom
Yredelemnul
Zin
The Shining One

Shops:
D:10 (

Annotations:
D:4 1 exclusion


Innate Abilities, Weirdness & Mutations

You are too large for most types of armour.
You have tough skin. (AC +1)
You are clumsy. (Dex -2)
Your body sometimes deteriorates upon taking damage.


Message History

You throw a large rock.
The large rock hits the eight-headed hydra!!
The eight-headed hydra is moderately wounded.
The bullfrog hits the fungus!
The eight-headed hydra bites you!
The eight-headed hydra barely misses you.
The eight-headed hydra bites you! x2
The eight-headed hydra barely misses you.
The eight-headed hydra bites you. x2; The eight-headed hydra misses you.
The bullfrog hits you! The komodo dragon bites you!!
* * * LOW HITPOINT WARNING * * *
The eight-headed hydra bites you.
* * * LOW HITPOINT WARNING * * *
The eight-headed hydra barely misses you.
The eight-headed hydra bites you!
* * * LOW HITPOINT WARNING * * *
The eight-headed hydra barely misses you. x2
The eight-headed hydra misses you. The eight-headed hydra bites you!
* * * LOW HITPOINT WARNING * * *
The eight-headed hydra bites you!
You die...

#......##...
##...#..#...# #
#.(........#
##.#.........#
#...........##
#............##.
#....##P(......#
###. #.FDl.?...#
# #..@.......
#......#...
###..### .. ##.#
# ##


You could see an eight-headed hydra, a komodo dragon and a bullfrog.

Vanquished Creatures
  A hydra (D:10)
  A two-headed ogre (D:8)
  An unseen horror (D:9)
  An orange crystal statue (D:8)
  An obsidian statue (D:8)
  A gargoyle (D:10)
  2 trolls (D:9)
  The ghost of Brightside the Slicer, an amateur HaAK of Lugonu (D:4)
  3 hippogriffs
  Sigmund (D:6)
  4 yaks (D:10)
  A wyvern (D:8)
  A steam dragon (D:10)
  2 wargs
  2 sky beasts
  7 orc warriors
  A phantom (D:6)
  3 black bears
  2 necrophages (D:8)
  4 ice beasts
  3 ogres
  The ghost of Nattefrost the Shooter, an amateur DrHu (D:3)
  5 centaurs
  2 elf zombies (Ossuary)
  3 big kobolds
  5 bullfrogs
  3 scorpions (D:10)
  3 howler monkeys (D:9)
  15 killer bees
  4 wights
  6 crimson imps
  3 centaur zombies
  8 hounds
  A quasit (D:10)
  4 jellies
  A human zombie (Ossuary)
  3 bullfrog skeletons
  10 orc priests
  14 orc wizards
  2 centaur skeletons
  An iguana (D:4)
  5 worker ants
  4 big kobold zombies (Ossuary)
  2 hound zombies
  A hound skeleton (D:8)
  3 mummies
  9 adders
  2 shadow imps
  2 oozes
  An adder skeleton (D:5)
  3 adder zombies
  A worm (D:3)
  2 dart slugs
  A leopard gecko (D:6)
  32 orcs
  18 bats
  5 giant cockroaches
  6 goblins
  8 hobgoblins
  18 jackals
  7 quokkas
  4 frilled lizards
  2 goblin zombies (Ossuary)
  12 hobgoblin zombies (Ossuary)
  A jackal skeleton (D:8)
  15 kobolds
  8 kobold zombies (Ossuary)
  3 leopard gecko skeletons
  6 orc zombies (Ossuary)
  10 rats
328 creatures vanquished.

Vanquished Creatures (others)
  A plant (D:10)
  A withered plant (D:8)
2 creatures vanquished.

Grand Total: 330 creatures vanquished

Notes
Turn   | Place    | Note
-------+----------+-------------------------------------------
     0 | D:1      | Alarkh the Ogre Monk began the quest for the Orb.
     0 | D:1      | Reached XP level 1. HP: 27/27 MP: 1/1
   190 | D:1      | Reached XP level 2. HP: 16/35 MP: 2/2
   906 | D:1      | Reached skill level 1 in Maces & Flails
  1095 | D:1      | Reached XP level 3. HP: 40/44 MP: 3/3
  1789 | D:2      | Found an opulent altar of Gozag.
  2041 | D:2      | Reached skill level 2 in Maces & Flails
  2041 | D:2      | Reached XP level 4. HP: 52/52 MP: 4/4
  2598 | D:3      | Reached skill level 10 in Maces & Flails
  2598 | D:3      | Reached XP level 5. HP: 16/59 MP: 5/5
  3304 | D:3      | Reached XP level 6. HP: 49/68 MP: 6/6
  3876 | D:3      | Found a shadowy altar of Dithmenos.
  3955 | D:3      | Found a stormy altar of Qazlal.
  3956 | D:3      | Found an ornate altar of the Wu Jian Council.
  4078 | D:3      | Found a faded altar of an unknown god.
  4085 | D:3      | Noticed Nattefrost's ghost (amateur DrHu)
  4092 | D:3      | Became a worshipper of Ru the Awakened
  4093 | D:3      | Fell from the grace of Ru
  4109 | D:3      | Killed Nattefrost's ghost
  4672 | D:4      | Found a staircase to the Ecumenical Temple.
  4738 | Temple   | Entered the Ecumenical Temple
  4932 | Temple   | Became a worshipper of Warmaster Okawaru
  5014 | D:4      | Reached XP level 7. HP: 65/76 MP: 7/7
  5283 | D:4      | Reached skill level 11 in Maces & Flails
  5330 | D:4      | Noticed Brightside's ghost (amateur HaAK)
  5538 | D:4      | Killed Brightside's ghost
  5538 | D:4      | Reached * piety under Okawaru
  6069 | D:5      | Entered Level 5 of the Dungeon
  6136 | D:5      | Reached XP level 8. HP: 31/87 MP: 8/8
  7029 | D:5      | Found a hazy altar of Hepliaklqana.
  7394 | D:6      | Noticed a hippogriff
  7410 | D:6      | Killed a hippogriff
  7568 | D:6      | Noticed Sigmund
  7578 | D:6      | Killed Sigmund
  7578 | D:6      | Reached XP level 9. HP: 92/97 MP: 6/9
  7747 | D:6      | Reached skill level 12 in Maces & Flails
  7895 | D:6      | Reached ** piety under Okawaru
  8046 | D:7      | Found a sand-covered staircase.
  8055 | Ossuary  | Entered an ossuary
  8474 | D:7      | Found a white marble altar of Elyvilon.
  8846 | D:7      | Reached skill level 1 in Invocations
  8922 | D:7      | Found a shimmering altar of Xom.
  8934 | D:7      | Found a sparkling altar of Nemelex Xobeh.
  9365 | D:8      | Reached XP level 10. HP: 106/107 MP: 7/11
  9423 | D:8      | Reached *** piety under Okawaru
  9654 | D:8      | Noticed an obsidian statue
  9668 | D:8      | Killed an obsidian statue
 10122 | D:8      | Noticed an orange crystal statue
 10163 | D:8      | Killed an orange crystal statue
 10163 | D:8      | Reached **** piety under Okawaru
 10163 | D:8      | Reached skill level 10 in Fighting
 10163 | D:8      | Reached skill level 5 in Dodging
 10271 | D:8      | Noticed a two-headed ogre
 10280 | D:8      | Killed a two-headed ogre
 10280 | D:8      | Reached skill level 13 in Maces & Flails
 10528 | D:9      | Got a bloodstained hat
 10534 | D:9      | Identified the +2 hat "Osepuc" {+Inv MR+ Str+2 Dex+4} (You found it on level 9 of the Dungeon)
 10668 | D:9      | Reached XP level 11. HP: 102/119 MP: 14/14
 11110 | D:9      | Reached ***** piety under Okawaru
 11258 | D:9      | Gained mutation: Your body sometimes deteriorates upon taking damage. [mutagenic meat]
 11259 | D:9      | Gained mutation: You are clumsy. (Dex -2) [mutagenic meat]
 11368 | D:10     | Entered Level 10 of the Dungeon
 11389 | D:10     | Found Detus's Antique Weapon Emporium.
 11861 | D:9      | Reached skill level 5 in Invocations
 11922 | D:10     | Found a staircase to the Orcish Mines.
 12195 | D:9      | Killed an unseen horror
 12394 | D:10     | Noticed a four-headed hydra
 12402 | D:10     | Killed a four-headed hydra
 12402 | D:10     | Received a gift from Okawaru
 12603 | D:10     | Found a staircase to the Lair.
 13436 | Lair:1   | Entered Level 1 of the Lair of Beasts
 13438 | Lair:1   | Noticed an eight-headed hydra
 13450 | Lair:1   | Slain by an eight-headed hydra

Vault maps used:
D:1:      tarquinn_simple_flora_water_a, minivault_5
D:2:      grunt_gozag_breadcrumbs
D:3:      wad_lake_hut, minitemple, chequers_ecumenical_altar_simple_redux,
          grunt_ministairs_14, nicolae_dithmenos_shadow_blocks
D:4:      minmay_temple_entry_trees, corexii_item_surrounded_by_moat
D:5:      kennysheep_mini, serial_corexii_hall, corexii_hall_statues_l,
          corexii_hall_statues_l, first_bread
D:6:      st_stairs_14, uniq_sigmund
D:7:      amethyst_overflow_temple_binary, enter_ossuary_1, roderic_batcave,
          elyvilon_altar_5
D:8:      minmay_separated_statues, serial_undead, serial_undead_a,
          serial_undead_f, serial_undead_b, serial_undead_b
D:10:     erik_lair_orcish_takeover, david_orc_3, serial_shops,
          nicolae_shop_overgrown_old_shop, blue_anna_alchemist
Temple:   eino_temple_scatter_basement
Lair:1:   beast_lair_carwin_2, uniq_gastronok, uniq_grum, uniq_joseph
Ossuary:  ossuary_tomb_1

Skill      XL: |  1  2  3  4  5  6  7  8  9 10 11 |
---------------+----------------------------------+-----
Maces & Flails | 1 2 10 11 12 13 | 13.8
Fighting       | 6 7 8 9 10 11 | 11.6
Dodging        | 4 5 6 |  6.2
Invocations    | 1 4 5 |  5.7
Stealth        | |  2.9

Action                   |  1- 3 |  4- 6 |  7- 9 | 10-12 || total
-------------------------+-------+-------+-------+-------++-------
Melee: Dagger            |    99 |       |       |       ||    99
       Unarmed           |     7 |       |       |       ||     7
       Mace              |    39 |   209 |    28 |       ||   276
       Flail             |       |       |   157 |       ||   157
       Giant club        |       |       |   204 |   467 ||   671
       Giant spiked club |       |       |    47 |       ||    47
Throw: Large rock        |       |       |       |     7 ||     7
Invok: Renounce Religion |       |     1 |       |       ||     1
       Heroism           |       |       |     8 |    12 ||    20
  Use: Scroll            |     2 |     1 |    12 |     3 ||    18
       Potion            |       |     8 |     3 |     4 ||    15
 Stab: Sleeping          |     7 |     9 |     7 |       ||    23
       Distracted        |       |     2 |     1 |     2 ||     5
  Eat: Chunk             |     4 |     9 |    15 |    16 ||    44
Armor: Robe              |    55 |    39 |    89 |    24 ||   207
       Skin              |       |    13 |       |       ||    13
       Troll leather arm |       |       |       |    96 ||    96
Dodge: Dodged            |   124 |   130 |   191 |   338 ||   783
